 Dungeon Crawl Stone Soup version 0.26.1-11-gd32895ea62 (webtiles) character file.

Game seed: 17229577248863475267

26156 Krapule the Protected (level 12, -11/110 HPs)
             Began as a Minotaur Fighter on May 12, 2021.
             Was a High Priest of Qazlal.
             Mangled by a very large slime creature (43 damage)
             ... on level 13 of the Dungeon on May 17, 2021.
             The game lasted 01:04:57 (16320 turns).

Krapule the Protected (Minotaur Fighter)           Turns: 16320, Time: 01:04:57

Health: -11/110    AC: 20    Str: 24    XL:     12   Next: 95%
Magic:  26/26      EV: 17    Int:  9    God:    Qazlal [*****.]
Gold:   842        SH: 19    Dex: 15    Spells: 11/11 levels left

rFire    + . .     SeeInvis +   a - +1 trident
rCold    . . .     Faith    .   c - +0 kite shield
rNeg     . . .     Spirit   .   K - +5 ring mail of Spring Thaw {rElec}
rPois    +         Reflect  .   (helmet restricted)
rElec    +         Harm     .   s - +0 cloak
rCorr    .         Rampage  .   b - +2 pair of gloves {Dex+3}
Will     .....                  (no boots)
Stlth    +.........             H - amulet of the acrobat
HPRegen  0.28/turn              j - ring of stealth
MPRegen  0.20/turn              N - ring "Kiteyz" {rPois rF+ MP+9 Int+4 SInv}

@: protected from physical damage, repel missiles
A: retaliatory headbutt, horns 2
a: Renounce Religion, Upheaval, Elemental Force, Disaster Area


You were on level 13 of the Dungeon.
You worshipped Qazlal.
Qazlal was extremely pleased with you.
You visited 2 branches of the dungeon, and saw 14 of its levels.
You also visited: Ossuary.

You collected 842 gold pieces.

Inventory:

Hand Weapons
 a - a +1 trident (weapon)
 t - the +4 mace of the Skies Above {speed, SInv Stlth+}
   (You found it on level 4 of the Dungeon)

   Attacks with this weapon are significantly faster.
   It lets you see invisible.
   It makes you more stealthy.
Missiles
 o - 25 boomerangs (quivered)
Armour
 b - a +2 pair of gloves of dexterity (worn)
 c - a +0 kite shield (worn)
 s - a +0 cloak (worn)
 K - the +5 ring mail of Spring Thaw (worn) {rElec}
   (You found it on level 9 of the Dungeon)

   It insulates you from electricity.
Jewellery
 j - a ring of stealth (left hand)
 w - an uncursed ring of protection from fire
 D - an uncursed ring of see invisible {unknown}
 F - an uncursed ring of poison resistance
 H - an amulet of the acrobat (around neck)
 N - the ring "Kiteyz" (right hand) {rPois rF+ MP+9 Int+4 SInv}
   (You took it off Fannar on level 11 of the Dungeon)

   [ring of magical power]

   It affects your intelligence (+4).
   It protects you from fire.
   It protects you from poison.
   It affects your magic capacity (+9).
   It lets you see invisible.
 O - an uncursed amulet of magic regeneration
Wands
 p - a wand of digging (4)
 y - a wand of acid (3)
 B - a wand of polymorph (3)
 I - a wand of random effects (21)
Scrolls
 e - 8 scrolls of remove curse
 i - 4 scrolls of amnesia
 k - 3 scrolls of teleportation
 l - a scroll of identify
 n - 3 scrolls of fear
 E - 2 scrolls of enchant weapon
 G - a scroll of enchant armour
Potions
 d - 4 potions of might
 f - 7 potions of curing
 g - 2 potions of brilliance {unknown}
 h - 4 potions of flight
 m - a potion of cancellation
 q - 3 potions of attraction
 r - 6 potions of heal wounds
 u - 2 potions of mutation
 v - 2 potions of magic {unknown}
 x - a potion of resistance {unknown}
 z - 5 potions of haste {unknown}
 A - 3 potions of berserk rage {unknown}
 C - 4 potions of lignification {unknown}
 J - a potion of ambrosia {unknown}


   Skills:
 + Level 11.4 Fighting
 + Level 11.0 Polearms
 + Level 11.4 Armour
 + Level 10.0 Dodging
 + Level 11.3 Shields
 + Level 8.8 Invocations


You had 11 spell levels left.
You didn't know any spells.
Your spell library contained the following spells:

 Spells                   Type           Power        Failure   Level
 Animate Skeleton         Necr           0%           67%         1
 Apportation              Tloc           0%           67%         1
 Corona                   Hex            0%           67%         1
 Magic Dart               Conj           0%           67%         1
 Summon Small Mammal      Summ           0%           67%         1
 Searing Ray              Conj           0%           80%         2
 Slow                     Hex            0%           80%         2
 Dazzling Flash           Conj/Hex       0%           95%         3
 Inner Flame              Hex/Fire       0%           95%         3
 Portal Projectile        Hex/Tloc       0%           95%         3
 Cause Fear               Hex            0%           100%        4
 Fulminant Prism          Conj/Hex       0%           100%        4
 Iskenderun's Mystic Bla  Conj/Tloc      0%           100%        4
 Leda's Liquefaction      Hex/Erth       0%           100%        4


Dungeon Overview and Level Annotations

Branches:
Dungeon (13/15)            Temple (0/1) D:5            Lair (1/6) D:11
    Orc (0/2) D:12        Ossuary (visited)
 Vaults: D:13-14

Altars:
Ashenzari
Dithmenos
Fedhas
Gozag
Kikubaaqudgha
Makhleb
Nemelex Xobeh
Okawaru
Qazlal
Ru
Trog
Uskayaw
Wu Jian
The Shining One

Shops:
D:12 ([*

Portals:
Abyss: D:3

Annotations:
D:3 2 transporters
D:6 3 runed translucent doors, RoadToAsh's ghost, novice FoAK
D:12 2 transporters, ZZKoverts's ghost, journeyman DsAK
Lair:1 Harold


Innate Abilities, Weirdness & Mutations

You reflexively headbutt those who attack you in melee.
You have a pair of horns on your head.


Message History

The very large slime creature is severely wounded.
A centaur warrior comes into view.
You hit the very large slime creature.
The very large slime creature is severely wounded.
The very large slime creature hits you!!!
* * * LOW HITPOINT WARNING * * *
You are too injured to fight recklessly!
You are too injured to fight recklessly!
You are too injured to fight recklessly!
You puncture the very large slime creature!
The very large slime creature is severely wounded.
You block the very large slime creature's attack.
You puncture the very large slime creature!
The very large slime creature is almost dead.
You hear a howl!
You block the very large slime creature's attack.
You puncture the very large slime creature!
The very large slime creature is almost dead.
The very large slime creature hits you!!!
You die...

.....####(# ####)#
######....# #.).#
......##### #.).#
####### #))(# #
###)# #(.# #..# .#
##'##.# #@##.# .
#J##.# '# #c.#.#
p.. ##.#.# ....
#.##.)#.# .....
#.......##J.....
.T..........J......
###......####......
#.......# .....


You could see a very large slime creature and a centaur warrior.

Vanquished Creatures
  A boulder beetle (D:11)
  Fannar (D:11)
  6 vault guards (D:13)
  2 centaur warriors (D:13)
  A catoblepas (D:13)
  An ogre mage (D:13)
  A two-headed ogre (D:13)
  A deep elf mage (D:12)
  2 wolf spider zombies (D:13)
  2 manticores
  A cyclops (D:13)
  Maurice (D:9)
  3 gargoyles
  Maggie (D:6)
  A komodo dragon (D:11)
  2 trolls (D:13)
  A slime creature (D:13)
  4 hornets
  Grinder (D:4)
  3 shadows
  3 wraiths
  3 wyverns
  3 steam dragons (D:6)
  Eustachio (D:3)
  A basilisk (D:12)
  4 vampire mosquitoes
  Menkaure (D:6)
  An acid dragon (D:13)
  A soldier ant (D:13)
  2 water moccasins
  Duvessa (D:4)
  3 sky beasts
  A black bear (D:13)
  5 ice beasts
  3 orc warriors
  2 phantoms
  8 ogres
  An eye of draining (D:13)
  18 centaurs
  Blork the orc (D:5)
  5 big kobolds
  9 bullfrogs
  Dowan (D:4)
  2 wyvern skeletons
  4 scorpions
  16 killer bees
  4 wights (D:13)
  A howler monkey (D:12)
  A bullfrog zombie (D:8)
  5 hounds
  A quasit (D:8)
  3 centaur zombies
  5 centaur skeletons
  5 orc priests
  Crazy Yiuf (D:4)
  A jelly (D:11)
  9 orc wizards
  A bullfrog skeleton (D:6)
  7 iguanas
  Ijyb (D:5)
  14 worker ants
  2 hound skeletons
  A mummy (Ossuary)
  4 gnolls
  A howler monkey skeleton (D:11)
  17 adders
  5 shadow imps
  3 white imps
  An ufetubus (D:6)
  An adder skeleton (D:9)
  5 leopard geckos
  47 orcs
  A ball python (D:4)
  14 bats
  2 giant cockroaches
  8 hobgoblins
  13 jackals
  6 quokkas
  4 frilled lizards
  5 gnoll skeletons (Ossuary)
  7 goblins
  3 goblin zombies
  2 hobgoblin zombies (D:7)
  32 kobolds
  5 kobold skeletons (Ossuary)
  2 kobold zombies (D:7)
  3 leopard gecko skeletons
  A leopard gecko zombie (D:7)
  18 orc skeletons
  A quokka skeleton (D:5)
  2 quokka zombies
  9 rats
420 creatures vanquished.

Vanquished Creatures (others)
  A killer bee (D:12)
  21 fungi (D:11)
  22 plants
44 creatures vanquished.

Grand Total: 464 creatures vanquished

Notes
Turn   | Place    | Note
-------+----------+-------------------------------------------
     0 | D:1      | Krapule the Minotaur Fighter began the quest for the Orb.
     0 | D:1      | Reached XP level 1. HP: 19/19 MP: 0/0
   476 | D:1      | Reached XP level 2. HP: 27/27 MP: 1/1
   960 | D:1      | Reached skill level 1 in Dodging
  1157 | D:2      | Reached XP level 3. HP: 33/33 MP: 2/2
  1283 | D:2      | Reached XP level 4. HP: 32/40 MP: 3/3
  1403 | D:2      | Found a burning altar of Makhleb.
  1664 | D:2      | Found a sacrificial altar of Ru.
  2018 | D:3      | Reached XP level 5. HP: 37/47 MP: 4/4
  2222 | D:3      | Noticed a small abomination
  2223 | D:3      | Noticed a small abomination
  2225 | D:3      | Noticed an ancient zyme
  2250 | D:3      | Identified the +7 short sword of Responsibility {distort,
                  | rF+ SInv Stlth+}
  2258 | D:3      | Found a transporter.
  2300 | D:3      | Found a one-way gate to the infinite horrors of the Abyss.
  2321 | D:3      | Found a transporter.
  2534 | D:3      | Found an opulent altar of Gozag.
  2595 | D:3      | Found a stormy altar of Qazlal.
  2601 | D:3      | Became a worshipper of Qazlal Stormbringer
  2607 | D:3      | Found a faded altar of an unknown god.
  2857 | D:4      | Reached XP level 6. HP: 44/55 MP: 5/5
  2934 | D:4      | Reached skill level 5 in Fighting
  2934 | D:4      | Reached skill level 5 in Armour
  2934 | D:4      | Reached skill level 5 in Shields
  3100 | D:4      | Found an iron altar of Okawaru.
  3100 | D:4      | Noticed Eustachio
  3101 | D:4      | Noticed Grinder
  3158 | D:4      | Killed Grinder
  3159 | D:4      | Reached skill level 1 in Invocations
  3159 | D:4      | Reached XP level 7. HP: 38/61 MP: 5/7
  3193 | D:3      | Killed Eustachio
  3514 | D:4      | Reached skill level 5 in Polearms
  3645 | D:4      | Found a runed translucent door.
  3646 | D:4      | Noticed Crazy Yiuf
  3658 | D:4      | Killed Crazy Yiuf
  3669 | D:4      | Got a crystal mace
  3670 | D:4      | Identified the +4 mace of the Skies Above {speed, SInv
                  | Stlth+} (You found it on level 4 of the Dungeon)
  3850 | D:4      | Reached * piety under Qazlal
  3919 | D:4      | Noticed Duvessa
  3942 | D:4      | Noticed Dowan
  3944 | D:4      | Killed Duvessa
  3945 | D:4      | Reached XP level 8. HP: 38/68 MP: 7/9
  3947 | D:4      | Killed Dowan
  4215 | D:4      | Found an ancient bone altar of Kikubaaqudgha.
  4218 | D:4      | Found a sparkling altar of Nemelex Xobeh.
  4222 | D:4      | Found a broken altar of Ashenzari.
  4519 | D:5      | Entered Level 5 of the Dungeon
  4522 | D:5      | Noticed Ijyb
  4532 | D:5      | Killed Ijyb
  4609 | D:5      | Noticed Blork the orc
  4938 | D:5      | Killed Blork the orc
  4941 | D:5      | Found a staircase to the Ecumenical Temple.
  5203 | D:6      | Reached skill level 5 in Dodging
  5261 | D:6      | Found a blossoming altar of Fedhas.
  5357 | D:6      | Noticed RoadToAsh's ghost (novice FoAK)
  5637 | D:6      | Noticed Maggie
  5651 | D:6      | Killed Maggie
  5652 | D:6      | Reached XP level 9. HP: 70/79 MP: 9/11
  5981 | D:6      | Noticed Menkaure
  5988 | D:6      | Killed Menkaure
  6006 | D:6      | Found a runed translucent gate.
  6006 | D:6      | Found a runed translucent gate.
  6012 | D:6      | Found a runed translucent gate.
  6015 | D:7      | Found a bloodstained altar of Trog.
  6672 | D:7      | Found a glowing golden altar of the Shining One.
  6786 | D:7      | Found a hide-covered altar of Uskayaw.
  7223 | D:7      | Paralysed by a hornet for 1 turns
  7226 | D:7      | Paralysed by a hornet for 2 turns
  7230 | D:7      | Paralysed by a hornet for 2 turns
  7236 | D:7      | HP: 3/81 [hornet (7)]
  7239 | D:7      | Reached skill level 5 in Invocations
  7306 | D:7      | Reached ** piety under Qazlal
  7973 | D:8      | Found a sand-covered staircase.
  7982 | Ossuary  | Entered an ossuary
  8150 | Ossuary  | Reached XP level 10. HP: 88/88 MP: 12/12
  8268 | D:8      | Got a smoking robe
  8279 | D:8      | Identified the +0 robe "Vuhiwn" {rElec Will+ Int+4} (You
                  | found it on level 8 of the Dungeon)
  8477 | D:8      | Reached *** piety under Qazlal
  8579 | D:8      | Found an ornate altar of the Wu Jian Council.
  8916 | D:8      | Found an ornate altar of the Wu Jian Council.
  9460 | D:9      | Got a steaming ring mail
  9471 | D:9      | Identified the +5 ring mail of Spring Thaw {rElec} (You
                  | found it on level 9 of the Dungeon)
  9901 | D:9      | Noticed Maurice
  9938 | D:9      | Killed Maurice
 10030 | D:9      | Found a shadowy altar of Dithmenos.
 10135 | D:10     | Entered Level 10 of the Dungeon
 10138 | D:10     | Noticed a gargoyle
 10160 | D:10     | Killed a gargoyle
 10684 | D:10     | Reached **** piety under Qazlal
 10770 | D:10     | Identified a scroll of acquirement
 10770 | D:10     | Acquired a +2 pair of gloves of dexterity
 11048 | D:11     | Reached XP level 11. HP: 97/97 MP: 14/14
 11666 | D:11     | Noticed a boulder beetle
 11670 | D:11     | Identified the ring "Kiteyz" {rPois rF+ MP+9 Int+4 SInv}
 11670 | D:11     | Noticed Fannar
 11753 | D:11     | You fall into a shaft and drop 1 floor!
 12003 | D:11     | Found a staircase to the Lair.
 12634 | D:11     | Reached ***** piety under Qazlal
 12735 | D:11     | Killed Fannar
 13436 | D:11     | Killed a boulder beetle
 13617 | Lair:1   | Entered Level 1 of the Lair of Beasts
 13622 | Lair:1   | Noticed Harold
 13803 | D:12     | Reached skill level 10 in Armour
 13803 | D:12     | Reached skill level 10 in Shields
 13815 | D:12     | Reached skill level 10 in Fighting
 14243 | D:12     | Found a transporter.
 14260 | D:12     | Found a transporter.
 14260 | D:12     | Noticed ZZKoverts's ghost (journeyman DsAK)
 14263 | D:12     | Found an opulent altar of Gozag.
 14265 | D:12     | Found Gozag's Platinum Reserve.
 14288 | D:12     | Noticed a cyan very ugly thing
 14288 | D:12     | Noticed a red very ugly thing
 14309 | D:12     | Noticed an Executioner
 14316 | D:12     | Noticed a rakshasa
 14329 | D:12     | Found the ring of the Hare {EV+8}
 14494 | D:12     | Found Zeseq's Armour Emporium.
 14494 | D:12     | Found a staircase to the Orcish Mines.
 14561 | D:12     | Found Xebuduthron's Weapon Emporium.
 14702 | D:12     | Noticed a deep elf mage
 14712 | D:12     | Killed a deep elf mage
 15163 | D:13     | Reached XP level 12. HP: 107/107 MP: 16/16
 15219 | D:13     | Noticed a centaur warrior
 15229 | D:13     | Killed a centaur warrior
 15230 | D:13     | Reached skill level 10 in Polearms
 15246 | D:13     | Noticed an ogre mage
 15264 | D:13     | Killed an ogre mage
 15344 | D:13     | Noticed a catoblepas
 15362 | D:13     | Killed a catoblepas
 15471 | D:13     | Noticed a two-headed ogre
 15480 | D:13     | Killed a two-headed ogre
 15609 | D:13     | Noticed a centaur warrior
 15618 | D:13     | Killed a centaur warrior
 15653 | D:13     | Noticed a vault guard
 15688 | D:13     | Killed a vault guard
 15867 | D:13     | Noticed a vault guard
 15890 | D:13     | Killed a vault guard
 15962 | D:13     | Noticed a vault guard
 15995 | D:13     | Killed a vault guard
 16022 | D:13     | Noticed a vault guard
 16066 | D:13     | Killed a vault guard
 16167 | D:13     | Noticed a vault guard
 16193 | D:13     | Killed a vault guard
 16258 | D:13     | Noticed a vault guard
 16287 | D:13     | Killed a vault guard
 16302 | D:13     | Reached skill level 10 in Dodging
 16316 | D:13     | Noticed a centaur warrior
 16320 | D:13     | Mangled by a very large slime creature

Illustrated notes

Levels and vault maps discovered:
D:1:      dpeg_arrival_subterranean_lakeside_camping, layout_loops_corners
D:2:      layout_basic, nicolae_overflow_crystal_walls, old_standard_altar
D:3:      layout_loops_ring, overflow_temple_1_default, lemuel_doored_altar,
          gammafunk_ghost_abyssal_escape, chequers_ecumenical_altar_simple_redux
D:4:      layout_gridville, okawaru_trees_1, grunt_temple_overflow_diamond,
          uniq_grinder, uniq_eustachio, uniq_crazy_yiuf_cottage, uniq_duvessa
D:5:      layout_basic, minmay_temple_entry_crystal_x, uniq_ijyb,
          uniq_blork_the_orc
D:6:      cheibrodos_steamvent, layout_loops_cross, fedhas_altar_fruit_tree,
          gammafunk_ghost_split, uniq_menkaure, uniq_maggie
D:7:      layout_basic, lemuel_crystal_altar, nicolae_tso_besieged_by_evil,
          lemuel_altar_in_water
D:8:      layout_loops_cross, nzn_wu_jian_contemplation, enter_ossuary_4,
          kennysheep_flooded_box, minivault_27
D:9:      layout_stronghold, lemuel_coloured_pillars_altar, uniq_maurice
D:10:     layout_small_grid, serial_bayou_pond_a
D:11:     layout_loops_ring, grunt_lair_entry_orc_guard_hut, uniq_fannar
D:12:     layout_loops_ring, orc_david_3, gammafunk_ghost_abyssal_escape,
          nicolae_gozag_zags_fifth_avenue
D:13:     minmay_spiral_squares, layout_loops_corners, erik_vaults_2
Lair:1:   layout_big_grid, wad_woods_river_04, grunt_forest_large_clearings,
          uniq_harold

Skill      XL: |  1  2  3  4  5  6  7  8  9 10 11 12 |
---------------+-------------------------------------+-----
Dodging        | 1 2 3 4 5 6 7 8 10 | 10.0
Fighting       | 4 5 6 7 8 9 10 11 | 11.4
Armour         | 4 5 7 8 9 10 11 | 11.4
Shields        | 4 5 6 7 8 9 10 11 | 11.3
Polearms       | 3 4 5 6 7 8 9 11 | 11.0
Invocations    | 1 2 4 5 6 7 8 |  8.8

Action                   |  1- 3 |  4- 6 |  7- 9 | 10-12 || total
-------------------------+-------+-------+-------+-------++-------
Melee: Trident           |   116 |   189 |   422 |  1087 ||  1814
       Headbutt          |     7 |    19 |    67 |   243 ||   336
Throw: Boomerang         |       |       |     5 |     6 ||    11
Invok: Upheaval          |       |       |       |     3 ||     3
       Disaster Area     |       |       |       |     1 ||     1
Evoke: Wand              |       |       |     3 |    10 ||    13
  Use: Scroll            |       |     1 |    10 |    12 ||    23
       Potion            |       |       |     1 |       ||     1
 Stab: Distracted        |       |       |       |     1 ||     1
       Petrified         |       |       |       |     3 ||     3
Armor: Scale mail        |    46 |    46 |    66 |     6 ||   164
       Skin              |       |       |    12 |       ||    12
       Ring mail         |       |       |       |   139 ||   139
Dodge: Dodged            |    28 |    43 |   104 |   279 ||   454
       Repelled          |       |       |       |     4 ||     4
Block: Kite shield       |    57 |    64 |   175 |   669 ||   965
